Map: Romanticide LE

Players

Bonsai - Winner!

  • Race: Terran Terran
  • League: Diamond
  • Spawn Location: 5:00

Massa

  • Race: Terran Terran
  • League: Platinum
  • Spawn Location: 11:00

VOD

Have the link to the VOD?

Description

Time

  • Played on: Feb. 21, 2021, 9:02 a.m.
  • Length: 24:32
Show
View Real Time Build Order
Export as new Build Order

Bonsai Terran - Winner!

Build Orders: Banshee Rush 

Get SALT Encoding   

  12  0:01  SCV  
  13  0:14  SCV  
  14  0:18  Supply Depot  
  14  0:26  SCV  
  15  0:40  SCV  
  16  0:43  Barracks  
  16  0:46  Refinery  
  16  0:52  SCV  
  17  1:01  Refinery  
  17  1:04  SCV  
  18  1:16  SCV  
  19  1:30  Reaper, Orbital Command  
  20  1:34  Supply Depot  
  20  1:48  Factory  
  20  1:59  SCV  
  21  2:07  Reaper  
  22  2:16  SCV  
  23  2:28  Command Center  
  23  2:32  SCV  
  23  2:36  Hellion  
  26  2:46  Starport  
  26  2:47  SCV  
  27  2:53  Supply Depot  
  26  3:29  SCV  
  26  3:31  Factory Tech Lab  
  27  3:34  Starport Tech Lab  
  27  3:36  Barracks Reactor  
  27  3:48  Orbital Command  
  27  3:49  Command Center  
  27  3:54  Siege Tank  
  30  3:59  Cloaking Field  
  30  4:05  Banshee  
  33  4:10  SCV  
  33  4:16  SCV  
  35  4:22  SCV, Marine x2  
  38  4:29  SCV  
  38  4:31  Cyclone  
  42  4:33  Barracks  
  42  4:34  SCV  
  43  4:44  Marine x2  
  40  5:10  SCV x2  
  42  5:15  Siege Tank  
  44  5:32  SCV x2  
  40  5:44  SCV x2, Orbital Command  
  41  6:00  SCV x2  
  43  6:12  SCV  
  43  6:13  SCV  
  45  6:19  Starport Reactor  
  45  6:21  SCV  
  45  6:25  SCV x2  
  48  6:32  Barracks x2, Stimpack, Siege Tank  
  51  6:33  SCV, Marine  
  51  6:34  Barracks x2  
  51  6:36  Engineering Bay  
  51  6:37  SCV x2, Engineering Bay  
  55  6:44  Refinery  
  55  6:45  Refinery, SCV  
  56  6:47  Supply Depot  
  56  6:49  SCV x2  
  58  7:04  SCV x2  
  58  7:05  Marine x2  
  58  7:07  Marine  
  63  7:10  Missile Turret  
  63  7:12  Terran Infantry Armor Level 1  
  63  7:13  SCV  
  64  7:16  SCV  
  64  7:18  SCV  
  66  7:24  Supply Depot  
  66  7:25  Barracks Reactor x2, Marine  
  66  7:26  Orbital Command  
  66  7:27  Barracks Reactor  
  68  7:31  Terran Infantry Weapons Level 1  
  68  7:32  Orbital Command  
  68  7:35  Armory  
  67  7:46  SCV x2  
  69  7:58  Marine x2  
  71  8:00  Marine  
  71  8:01  Marauder  
  71  8:02  Medivac x2  
  71  8:03  Siege Tank  
  71  8:04  Marine x3  
  85  8:05  SCV  
  85  8:11  Factory  
  85  8:17  Sensor Tower  
  85  8:20  Supply Depot x2  
  85  8:22  SCV x3, Marine  
  85  8:25  Sensor Tower  
  89  8:34  Marine x3  
  89  8:35  Marine  
  93  8:41  SCV x3  
  96  8:53  SCV x3  
  99  8:56  Marauder, Marine x3  
  99  9:02  Barracks Reactor  
  101  9:03  Command Center  
  101  9:06  SCV x3  
  101  9:07  Refinery  
  101  9:08  Refinery  
  104  9:11  Factory Tech Lab, Supply Depot  
  104  9:12  Supply Depot  
  104  9:13  Supply Depot  
  104  9:15  Siege Tank  
  104  9:16  Combat Shield  
  107  9:17  Medivac  
  109  9:30  Missile Turret  
  109  9:32  Medivac, Missile Turret x2  
  109  9:33  Marine x3  
  109  9:34  Terran Infantry Weapons Level 2  
  109  9:35  Terran Infantry Armor Level 2  
  109  9:38  Missile Turret  
  114  9:41  SCV x2  
  116  9:55  Marine x2  
  116  9:56  Marauder, Marine x3  
  116  9:57  Siege Tank  
  116  9:58  Siege Tank  
  129  10:00  SCV  
  129  10:04  Viking  
  129  10:05  Starport  
  132  10:13  Terran Vehicle Weapons Level 1  
  132  10:41  Supply Depot  
  132  10:43  Marauder, Marine x4  
  132  10:44  Marine  
  132  10:45  Starport Reactor, Siege Tank  
  142  11:05  Marauder  
  142  11:07  Marine x4  
  142  11:08  Marine, Medivac  
  142  11:09  Medivac  
  152  11:12  Missile Turret  
  141  11:26  Marauder  
  143  11:35  Marine x2  
  143  11:36  Marine x5  
  143  11:38  Siege Tank  
  152  11:47  Marauder  
  154  11:56  Planetary Fortress  
  154  12:00  Marine x2  
  156  12:06  Supply Depot  
  156  12:07  Supply Depot  
  156  12:27  Marine x5  
  156  12:28  Marauder  
  160  12:49  Marauder  
  127  13:02  Marine  
  127  13:03  Marine x4  
  130  13:11  Marauder  
  132  13:22  Marine x5  
  132  13:23  SCV x2  
  139  13:30  SCV  
  139  13:31  SCV  
  139  13:32  Marauder  
  143  13:34  Marine  
  143  13:35  SCV, Sensor Tower, Missile Turret, Siege Tank  
  143  13:36  SCV, Viking x2, Missile Turret  
  143  13:37  Viking x2  
  143  13:40  Siege Tank  
  160  13:41  Starport  
  160  13:42  SCV  
  160  13:45  Fusion Core  
  160  13:47  Starport, Terran Infantry Weapons Level 3, Terran Infantry Armor Level 3  
  160  13:48  Terran Vehicle Weapons Level 2  
  158  13:50  SCV  
  158  13:51  SCV  
  158  13:53  Marauder  
  162  13:59  Refinery  
  162  14:00  Refinery  
  162  14:14  Supply Depot  
  162  14:15  Marauder  
  164  14:20  Command Center  
  164  14:36  Marauder  
  148  14:47  Siege Tank  
  148  14:48  Viking  
  148  14:49  Starport Reactor  
  153  14:58  Marauder  
  155  15:11  Marine  
  155  15:12  Marine x2  
  155  15:14  SCV x2  
  160  15:19  Marauder  
  162  15:22  Marine x2, Command Center  
  162  15:23  Marine x2  
  162  15:24  Siege Tank  
  162  15:25  Siege Tank  
  172  15:29  Factory  
  172  15:31  Viking  
  174  15:35  Starport Tech Lab  
  174  15:40  Marauder  
  174  15:42  Marine x4  
  178  15:43  Marine x2  
  178  15:45  Supply Depot  
  178  15:46  Supply Depot  
  182  16:02  Marauder  
  184  16:05  Marine  
  184  16:07  Unknown  
  185  16:12  Missile Turret  
  185  16:13  Missile Turret  
  185  16:15  Missile Turret  
  185  16:16  Missile Turret x2  
  185  16:22  SCV x2  
  185  16:23  Marauder  
  189  16:28  Factory Tech Lab  
  189  16:31  Terran Vehicle Weapons Level 3  
  189  16:33  Armory  
  189  16:34  Hi-Sec Auto Tracking  
  189  16:37  Neosteel Armor  
  189  16:40  Starport Tech Lab  
  189  16:44  Raven  
  189  16:45  Marauder  
  189  16:47  Starport  
  191  17:06  Marauder  
  191  17:27  Marauder  
  193  17:34  Marine  
  193  17:35  Marine  
  195  17:49  Marauder  
  195  18:10  Marauder  
  195  18:11  Starport Tech Lab, Liberator, Command Center  
  199  18:21  Command Center  
  199  18:25  Siege Tank  
  191  18:44  Command Center  
  164  19:29  Marauder, Marine x4  
  164  19:30  Marine x2  
  178  19:31  Battlecruiser x3  
  190  19:38  Planetary Fortress  
  190  19:51  Marauder  
  185  20:10  Marine x4  
  185  20:12  Marauder  
  172  20:29  Marine  
  172  20:30  Marine x2  
  172  20:33  Marauder  
  175  20:38  Marine x4  
  173  20:44  Liberator, Battlecruiser x2  
  173  20:45  Battlecruiser  
  192  20:55  Marauder  
  191  21:16  Marauder  
  179  21:37  Marauder  
  175  21:41  Marine x2  
  175  21:42  Marine x4  
  175  21:43  Siege Tank x3  
  175  21:45  Medivac x2  
  182  21:48  Battlecruiser  
  182  21:49  Battlecruiser x2  
  196  21:59  Marauder  
  196  22:20  Marauder  
  175  22:42  Marauder  
  174  22:53  Battlecruiser x3  
  190  23:01  Planetary Fortress  
  190  23:03  Marauder  
  185  23:17  Refinery  
  185  23:30  Refinery  
  185  23:35  Marine x2  
  185  23:36  Marauder, Marine x2  
  191  23:57  Marauder  
Show
View Real Time Build Order
Export as new Build Order

Massa Terran 

Build Orders:  

Get SALT Encoding   

  12  0:00  SCV  
  13  0:13  SCV  
  14  0:19  Supply Depot  
  14  0:25  SCV  
  15  0:41  SCV  
  16  0:43  Barracks  
  16  0:46  Refinery  
  16  0:53  SCV  
  17  1:05  SCV  
  18  1:17  SCV  
  19  1:30  Orbital Command  
  19  1:32  Barracks Reactor  
  19  1:45  Supply Depot  
  19  1:57  Command Center  
  19  2:05  Supply Depot  
  18  2:13  Marine x2  
  20  2:20  Factory  
  20  2:28  SCV  
  21  2:31  Marine x2  
  23  2:48  Marine  
  23  2:49  Marine  
  25  2:58  SCV  
  26  3:10  SCV  
  26  3:45  Orbital Command  
  26  3:47  Hellion x2  
  30  3:51  SCV  
  31  3:57  Refinery  
  31  4:03  SCV  
  31  4:05  Starport  
  31  4:06  Barracks Tech Lab  
  31  4:08  Hellion x2  
  36  4:12  SCV  
  36  4:15  SCV  
  38  4:24  SCV  
  38  4:28  SCV  
  38  4:29  Hellion x2  
  44  4:36  SCV  
  45  4:40  SCV, Engineering Bay  
  45  4:47  Marauder  
  44  5:10  Widow Mine  
  44  5:13  Widow Mine  
  44  5:14  Missile Turret  
  44  5:19  Missile Turret  
  31  5:50  Widow Mine x2  
  31  5:53  Marine  
  31  5:54  Stimpack  
  31  5:55  Medivac  
  34  6:04  Missile Turret  
  34  6:09  Terran Infantry Weapons Level 1  
  34  6:10  Marine  
  35  6:15  Widow Mine x2  
  39  6:27  SCV x2  
  39  6:28  Marine  
  42  6:39  SCV  
  44  6:40  SCV  
  44  6:51  SCV  
  44  6:52  SCV  
  45  7:04  SCV  
  46  7:14  Supply Depot x3  
  46  7:15  Missile Turret  
  46  7:18  Barracks  
  46  7:22  Barracks  
  46  7:32  Command Center  
  46  7:36  SCV x2, Marine  
  49  7:38  Supply Depot  
  48  7:48  Widow Mine x2, SCV x2  
  48  7:50  Starport Tech Lab  
  54  7:53  Marine  
  55  8:00  SCV x2  
  55  8:04  Terran Infantry Armor Level 1  
  57  8:07  Refinery  
  57  8:12  SCV x2  
  59  8:14  Missile Turret  
  59  8:18  Barracks  
  59  8:19  Combat Shield  
  59  8:20  Marine  
  59  8:22  Barracks Reactor, Barracks Tech Lab  
  59  8:24  SCV  
  59  8:25  SCV  
  62  8:30  Factory Tech Lab  
  62  8:36  SCV  
  62  8:37  SCV  
  62  8:38  Marine  
  65  8:46  Raven  
  67  8:48  SCV  
  67  8:49  SCV  
  67  8:52  Refinery  
  68  9:01  SCV  
  69  9:04  Concussive Shells  
  69  9:05  Marauder x2, Marine x2  
  69  9:09  Marine  
  76  9:23  Marine x2  
  78  9:24  SCV x2  
  78  9:26  Marine  
  78  9:27  Marauder  
  78  9:29  Planetary Fortress  
  83  9:31  Medivac  
  83  9:33  Marine x2  
  83  9:36  SCV x2  
  89  9:41  Marine x2  
  89  9:44  Marauder  
  93  9:48  Sensor Tower  
  93  9:57  Sensor Tower, Supply Depot  
  93  10:01  Supply Depot  
  93  10:02  Supply Depot  
  93  10:18  SCV x2, Siege Tank  
  93  10:19  Marauder  
  100  10:24  SCV  
  100  10:25  Sensor Tower, Supply Depot  
  100  10:26  Supply Depot  
  101  10:30  SCV x2  
  101  10:31  Medivac  
  101  10:32  Marine x3  
  108  10:36  SCV  
  111  10:42  SCV x2  
  111  10:49  SCV  
  112  10:50  Supply Depot  
  112  10:53  Siege Tank  
  113  10:58  SCV x2  
  113  11:01  SCV  
  116  11:10  SCV x2, Raven  
  109  11:30  Siege Tank  
  110  12:05  Command Center  
  110  12:09  Siege Tank  
  110  12:14  Marauder x2, Marine x4  
  118  12:22  Barracks  
  118  12:23  Barracks  
  118  12:25  Barracks  
  118  12:32  Marine x4  
  118  12:35  Marine  
  118  12:36  Marauder  
  125  12:50  Marine x2  
  111  13:12  Siege Tank  
  114  13:13  Command Center  
  114  13:40  Barracks Reactor, Barracks Tech Lab x2  
  114  13:44  Siege Tank  
  114  13:48  Command Center  
  117  14:04  Marauder x4, Marine  
  126  14:24  Siege Tank, Marine x4, Supply Depot x2  
  126  14:25  Raven, Marauder x2, Supply Depot  
  126  14:26  Supply Depot  
  126  14:27  Supply Depot  
  137  14:42  Marine x2  
  129  14:49  Supply Depot  
  129  14:50  Supply Depot  
  129  14:57  Siege Tank  
  132  15:08  Raven  
  132  15:14  Planetary Fortress  
  130  15:17  Sensor Tower  
  130  15:29  Siege Tank  
  130  15:34  Armory  
  133  15:37  Engineering Bay  
  133  15:39  Planetary Fortress  
  133  15:41  SCV x2  
  135  15:53  SCV x2  
  137  16:05  SCV  
  136  16:14  Siege Tank  
  136  16:16  Marauder x4  
  147  16:33  Factory  
  147  16:37  Marauder x2  
  153  16:40  SCV x4, Sensor Tower  
  153  16:44  Refinery x2  
  153  16:46  Siege Tank  
  158  16:52  Terran Infantry Armor Level 2, SCV x3, Terran Infantry Weapons Level 2  
  161  16:59  Refinery  
  161  17:02  Refinery  
  155  17:18  Factory Reactor  
  155  17:35  Command Center  
  155  17:40  Starport  
  155  17:44  Starport, Fusion Core  
  155  17:48  Starport  
  147  18:27  Marauder x4, Marine x2  
  147  18:28  Siege Tank  
  160  18:36  Marine  
  160  18:37  Marine x3  
  162  18:45  Marine x2  
  162  18:48  Marauder x2  
  162  18:49  Marauder  
  157  19:00  Siege Tank  
  158  19:22  Starport Reactor x2  
  146  19:32  Siege Tank  
  147  19:46  Planetary Fortress  
  147  19:50  SCV  
  147  19:51  SCV x2  
  147  19:52  Missile Turret  
  150  19:53  Missile Turret  
  150  19:58  Viking x2  
  150  19:59  Viking x4  
  162  20:03  SCV x3  
  162  20:05  Siege Tank  
  163  20:14  Missile Turret  
  147  20:28  Viking x2  
  147  20:29  Medivac x2, Viking  
  156  20:44  Corvid Reactor  
  156  20:55  Refinery x2  
  132  21:51  Viking x2  
  132  21:52  Viking x3  
  100  23:38  Command Center  
  100  23:40  Viking x6  
  106  23:42  Marine x2  
  106  23:43  Marine  
  104  24:00  Marine  
Tags
 
Matchup
TvT
Race
Terran
Replay Pack
Multiplayer
Spawn Locations
Cross Positions
Strategy
Banshee Rush
Add a new tag
Caveats
  • Supply blocks, unpowered buildings, or Contaminate may cause inaccurate times.
  • Supply counts are checked every 10 seconds.